 Dungeon Crawl Stone Soup version 0.27-a0-346-ga689d4a613 (webtiles) character file.

Game seed: 6035998033163017634

536 wampuh the Firebug (level 7, -6/51 HPs)
             Began as a Gnoll Fire Elementalist on Feb 15, 2021.
             Was a Follower of Makhleb.
             Killed by divine providence
             ... invoked by an orc priest
              (13 damage)
             ... on level 4 of the Dungeon.
             The game lasted 00:06:09 (3858 turns).

wampuh the Firebug (Gnoll Fire Elementalist)        Turns: 3858, Time: 00:06:09

Health: -6/51      AC:  6    Str:  9    XL:     7   Next: 25%
Magic:  7/15       EV: 14    Int: 20    God:    Makhleb [*.....]
Gold:   155        SH:  0    Dex: 13    Spells: 13/17 levels left

rFire    . . .     SeeInvis .   e - +0 mace
rCold    . . .     Faith    .   (no shield)
rNeg     . . .     Spirit   .   a - +0 robe
rPois    .         Reflect  .   f - +1 helmet
rElec    .         Harm     .   n - +0 cloak
rCorr    +         Rampage  .   (no gloves)
Will     .....                  b - +0 pair of boots
Stlth    +++.......             (no amulet)
HPRegen  0.17/turn              g - +6 ring of intelligence
MPRegen  0.14/turn              c - ring of resist corrosion

@: lethally poisoned (-6 -> -8)
A: distributed training, fangs 1, strong nose
a: Renounce Religion


You were on level 4 of the Dungeon.
You worshipped Makhleb.
Makhleb was aware of your devotion.
You visited 1 branch of the dungeon, and saw 4 of its levels.

You collected 155 gold pieces.

Inventory:

Hand Weapons
 e - a +0 mace (weapon)
Missiles
 t - a throwing net
Armour
 a - a +0 robe (worn)
 b - a +0 pair of boots (worn)
 f - a +1 helmet (worn)
 n - a +0 cloak (worn)
Jewellery
 c - a ring of resist corrosion (right hand)
 g - a +6 ring of intelligence (left hand)
Wands
 k - a wand of random effects (42)
 u - a wand of flame (6)
Scrolls
 d - a scroll of immolation {unknown}
 h - a scroll of fog {unknown}
 i - a scroll of enchant weapon {unknown}
 j - 3 scrolls of identify {unknown}
 o - 2 scrolls of enchant armour {unknown}
 q - a scroll of amnesia {unknown}
Potions
 l - 2 potions of curing {unknown}
 m - a potion of berserk rage {unknown}
 p - 2 potions of mutation {unknown}
 r - a potion of might {unknown}
 s - a potion of ambrosia {unknown}


   Skills:
 + Level 2.3 Fighting
 + Level 2.3 Short Blades
 + Level 2.3 Long Blades
 + Level 2.3 Axes
 + Level 2.3 Maces & Flails
 + Level 2.3 Polearms
 + Level 2.3 Staves
 + Level 2.3 Slings
 + Level 2.3 Bows
 + Level 2.3 Crossbows
 + Level 2.3 Throwing
 + Level 2.3 Armour
 + Level 5.2 Dodging
 + Level 4.8 Stealth
 + Level 2.3 Shields
 + Level 2.3 Unarmed Combat
 + Level 5.5 Spellcasting
 + Level 2.9 Conjurations
 + Level 1.9 Hexes
 + Level 1.9 Summonings
 + Level 1.9 Necromancy
 + Level 1.9 Translocations
 + Level 1.9 Transmutations
 + Level 5.8 Fire Magic
 + Level 1.9 Ice Magic
 + Level 1.9 Air Magic
 + Level 1.9 Earth Magic
 + Level 1.9 Poison Magic
 + Level 2.6 Invocations
 + Level 2.3 Evocations


You had 13 spell levels left.
You knew the following spells:

 Your Spells              Type           Power        Failure   Level
a - Foxfire               Conj/Fire      92%          1%          1
b - Inner Flame           Hex/Fire       21%          7%          3

Your spell library contained the following spells:

 Spells                   Type           Power        Failure   Level
 Conjure Flame            Conj/Fire      23%          5%          3
 Sticky Flame             Conj/Fire      23%          19%         4
 Fireball                 Conj/Fire      11%          45%         5


Dungeon Overview and Level Annotations

Branches:
Dungeon (4/15)
 Temple: D:4-7

Altars:
Makhleb


Innate Abilities, Weirdness & Mutations

Your experience applies equally to all skills.
You have very sharp teeth.
Your uncanny sense of smell can sniff out nearby items.


Message History

Casting: Foxfire (safe; 1% risk of failure)
Confirm with . or Enter, or press ? or * to list all spells.
You conjure some foxfire!
The foxfire hits the worker ant.
The worker ant is severely wounded.
The foxfire hits the worker ant but does no damage.
The worker ant is severely wounded.
The worker ant bites you.
An orc comes into view. It is wielding a +0 short sword.
The worker ant bites you.
You are poisoned.
The worker ant poisons you!
Casting: Foxfire (safe; 1% risk of failure)
Confirm with . or Enter, or press ? or * to list all spells.
You conjure some foxfire!
You feel sick.
The foxfire hits the worker ant but does no damage.
The worker ant is severely wounded.
An adder comes into view.
The worker ant closely misses you.
You feel sick.
The foxfire hits the worker ant.
The worker ant is almost dead.
The foxfire hits the worker ant but does no damage.
The worker ant is almost dead.
The foxfire hits the worker ant!
You kill the worker ant!
Makhleb accepts your kill.
You feel better.
You are confused.
The orc priest mumbles some strange prayers to Beogh against you.
Beogh smites you!
* * * LOW HITPOINT WARNING * * *
You feel sick.
You're too confused to move!
You feel sick.
You feel less confused.
You feel sick.
There is a stone staircase leading down here.
There is a stone staircase leading up here.
The orc priest calls down the wrath of Beogh upon you.
Beogh smites you!
You die...

###### #....# #....#
#....###########
#....##......... ..
###..........####...#
#......###.....$...#
#.#....##...@####.#
#.#.........>###..#
#.......##..B..>.#
###.##............##
###...##.........S..###
......##....#..o.##...#
.###.###...##.#..o....#
.....###...##.#.oo###..#
###.............†........


You could see a worker ant, an orc priest, an adder and 3 orcs.

Vanquished Creatures
  An ogre (D:4)
  A scorpion (D:2)
  A hound (D:4)
  Crazy Yiuf (D:2)
  2 iguanas (D:4)
  Terence (D:1)
  Natasha (thrice) (D:2)
  2 worker ants (D:4)
  4 gnolls (D:4)
  3 adders
  2 worms
  3 leopard geckos (D:2)
  An orc (D:4)
  8 giant cockroaches
  8 goblins
  5 hobgoblins
  2 jackals (D:3)
  7 kobolds
  2 quokkas
  2 ball pythons
  7 bats
  5 frilled lizards
  A leopard gecko skeleton (D:4)
  12 rats
84 creatures vanquished.

Vanquished Creatures (others)
  208 foxfires
208 creatures vanquished.

Grand Total: 292 creatures vanquished

Notes
Turn   | Place    | Note
-------+----------+-------------------------------------------
     0 | D:1      | wampuh the Gnoll Fire Elementalist began the quest for the
                  | Orb.
     0 | D:1      | Reached XP level 1. HP: 13/13 MP: 6/6
   386 | D:1      | Reached XP level 2. HP: 19/19 MP: 3/7
   647 | D:1      | Reached XP level 3. HP: 25/25 MP: 9/9
   662 | D:1      | Reached skill level 5 in Spellcasting
  1074 | D:2      | Noticed a scorpion
  1084 | D:2      | Noticed Terence
  1087 | D:2      | Killed a scorpion
  1088 | D:2      | Reached skill level 1 in Fighting
  1088 | D:2      | Reached skill level 1 in Short Blades
  1088 | D:2      | Reached skill level 1 in Long Blades
  1088 | D:2      | Reached skill level 1 in Axes
  1088 | D:2      | Reached skill level 1 in Maces & Flails
  1088 | D:2      | Reached skill level 1 in Polearms
  1088 | D:2      | Reached skill level 1 in Staves
  1088 | D:2      | Reached skill level 1 in Slings
  1088 | D:2      | Reached skill level 1 in Bows
  1088 | D:2      | Reached skill level 1 in Crossbows
  1088 | D:2      | Reached skill level 1 in Throwing
  1088 | D:2      | Reached skill level 1 in Armour
  1088 | D:2      | Reached skill level 1 in Shields
  1088 | D:2      | Reached skill level 1 in Unarmed Combat
  1088 | D:2      | Reached skill level 1 in Invocations
  1088 | D:2      | Reached skill level 1 in Evocations
  1088 | D:2      | Reached XP level 4. HP: 32/32 MP: 2/11
  1133 | D:1      | Killed Terence
  1134 | D:1      | Reached skill level 1 in Hexes
  1134 | D:1      | Reached skill level 1 in Summonings
  1134 | D:1      | Reached skill level 1 in Necromancy
  1134 | D:1      | Reached skill level 1 in Translocations
  1134 | D:1      | Reached skill level 1 in Transmutations
  1134 | D:1      | Reached skill level 1 in Ice Magic
  1134 | D:1      | Reached skill level 1 in Air Magic
  1134 | D:1      | Reached skill level 1 in Earth Magic
  1134 | D:1      | Reached skill level 1 in Poison Magic
  1350 | D:2      | Noticed Natasha
  1355 | D:2      | Killed Natasha
  1356 | D:2      | Reached XP level 5. HP: 37/37 MP: 8/12
  1863 | D:2      | Found a runed translucent door.
  1864 | D:2      | Noticed Crazy Yiuf
  1905 | D:2      | Killed Crazy Yiuf
  1943 | D:2      | Found a faded altar of an unknown god.
  1971 | D:2      | Became a worshipper of Makhleb the Destroyer
  1971 | D:2      | Reached * piety under Makhleb
  1993 | D:2      | Noticed Natasha
  2003 | D:2      | Killed Natasha
  2260 | D:2      | Noticed Natasha
  2264 | D:2      | Killed Natasha
  2265 | D:2      | Reached XP level 6. HP: 42/44 MP: 8/13
  3212 | D:4      | Reached skill level 5 in Dodging
  3828 | D:4      | Learned a level 3 spell: Inner Flame
  3839 | D:4      | Reached XP level 7. HP: 51/51 MP: 9/15
  3858 | D:4      | Killed from afar by an orc priest

Illustrated notes

Levels and vault maps discovered:
D:1:      dpeg_arrival_three_same_balls, layout_rooms
D:2:      layout_loops_ring, chequers_ecumenical_altar_island,
          minmay_pentomino_z2, uniq_natasha, uniq_terence,
          uniq_crazy_yiuf_cottage
D:3:      layout_basic
D:4:      layout_rooms, nicolae_underground_beach

Skill      XL: |  1  2  3  4  5  6 |
---------------+-------------------+-----
Conjurations   | 2 |  2.9
Spellcasting   | 5 |  5.5
Fighting       | 1 2 |  2.3
Short Blades   | 1 2 |  2.3
Long Blades    | 1 2 |  2.3
Axes           | 1 2 |  2.3
Maces & Flails | 1 2 |  2.3
Polearms       | 1 2 |  2.3
Staves         | 1 2 |  2.3
Slings         | 1 2 |  2.3
Bows           | 1 2 |  2.3
Crossbows      | 1 2 |  2.3
Throwing       | 1 2 |  2.3
Armour         | 1 2 |  2.3
Shields        | 1 2 |  2.3
Unarmed Combat | 1 2 |  2.3
Invocations    | 1 2 |  2.6
Evocations     | 1 2 |  2.3
Hexes          | 1 |  1.9
Summonings     | 1 |  1.9
Necromancy     | 1 |  1.9
Translocations | 1 |  1.9
Transmutations | 1 |  1.9
Ice Magic      | 1 |  1.9
Air Magic      | 1 |  1.9
Earth Magic    | 1 |  1.9
Poison Magic   | 1 |  1.9
Dodging        | 5 |  5.2
Stealth        | |  4.8
Fire Magic     | |  5.8

Action                   |  1- 3 |  4- 6 |  7- 9 || total
-------------------------+-------+-------+-------++-------
Melee: Unarmed           |    25 |       |       ||    25
       Bite              |     3 |    13 |       ||    16
       Mace              |    51 |   153 |       ||   204
 Cast: Foxfire           |    34 |    85 |     5 ||   124
 Stab: Sleeping          |     1 |     8 |       ||     9
Armor: Robe              |    28 |    63 |       ||    91
Dodge: Dodged            |    93 |   157 |     1 ||   251

Table legend: (Time is in decaauts)
 A = Elapsed time spent in this place.
 B = Non-inter-level travel time spent in this place.
 C = Inter-level travel time spent in this place.
 D = Time resting spent in this place.
 E = Time spent auto-exploring this place.
 F = Levels seen in this place.
 G = Mean time per level.
                   A        B        C        D        E       F      G
               +--------+--------+--------+--------+--------+-----+--------+
         Total |   3943 |   3870 |     73 |   1355 |   1629 |   4 |  985.8 |
       Dungeon |   3943 |   3870 |     73 |   1355 |   1629 |   4 |  985.8 |
               +--------+--------+--------+--------+--------+-----+--------+

Top non-repeatable levels by time:
     D:1: 1325 daAuts
     D:2: 1201 daAuts
     D:3: 740 daAuts
     D:4: 676 daAuts
